 Dungeon Crawl Stone Soup version 0.29.1-1-gd02db6906a (webtiles) character file.

Game seed: 17344119170288589005

1054 swilekon the Cutter (level 8, 0/56 HPs)
             Began as an Octopode Monk on Sept 19, 2022.
             Killed from afar by an orc wizard (10 damage)
             ... with a puff of flame
             ... on level 5 of the Dungeon.
             The game lasted 00:07:42 (3886 turns).

swilekon the Cutter (Octopode Monk)                 Turns: 3886, Time: 00:07:43

Health: 0/56       AC:  5    Str: 10    XL:     8   Next: 26%
Magic:  8/8        EV: 17    Int: 13    God:
Gold:   148        SH:  0    Dex: 22    Spells: 7/7 levels left

rFire   . . .      SeeInvis .   p - +1 short sword (elec)
rCold   . . .      Faith    .   (no shield)
rNeg    . . .      Spirit   .   (helmet restricted)
rPois   .          Reflect  .   (no amulet)
rElec   .          Harm     .   g - ring of resist corrosion
rCorr   +          Rampage  .   k - +6 ring of dexterity
Will    .....                   j - +4 ring of protection
Stlth   ++++......              (no ring)
HPRegen 0.18/turn               (no ring)
MPRegen 0.11/turn               (no ring)
                                (no ring)
                                (no ring)

@: mighty, hasted, very quick
A: almost no armour, amphibious, 8 rings, camouflage 1, gelatinous body 1,
(nimble swimmer 1), tentacles
a: no special abilities


You were on level 5 of the Dungeon.
You visited 1 branch of the dungeon, and saw 5 of its levels.

You collected 148 gold pieces.

Inventory:

Hand Weapons
 p - a +1 short sword of electrocution (weapon)
Jewellery
 g - a ring of resist corrosion (left tentacle)
 i - a +6 ring of intelligence
 j - a +4 ring of protection (on tentacle)
 k - a +6 ring of dexterity (right tentacle)
 r - a ring of fire
 s - a ring of magical power
Potions
 b - a potion of ambrosia
 c - 3 potions of magic
 e - 2 potions of haste
 f - 4 potions of curing
 m - a potion of flight {unknown}
 n - a potion of mutation {unknown}
 u - 2 potions of attraction {unknown}


   Skills:
 + Level 5.5 Fighting
 * Level 7.3 Short Blades
 + Level 5.5 Dodging
 - Level 2.6 Stealth


You had 7 spell levels left.
You didn't know any spells.
Your spell library contained the following spells:

 Spells                   Type           Power      Damage    Failure   Level
 Apportation              Tloc           0%         N/A       30%         1
 Beastly Appendage        Tmut           0%         N/A       30%         1
 Necrotise                Necr           0%         1d4       30%         1
 Summon Small Mammal      Summ           0%         N/A       30%         1
 Wereblood                Tmut           0%         N/A       43%         2
 Spider Form              Tmut/Pois      0%         N/A       67%         3


Dungeon Overview and Level Annotations

Branches:
Dungeon (5/15)
 Temple: D:4-7

Altars:
Cheibriados
Makhleb

Shops:
D:4 :


Innate Abilities, Weirdness & Mutations

You cannot wear most types of armour.
You are amphibious.
You can wear up to eight rings at the same time.
Your skin changes colour to match your surroundings (Stealth+).
Your rubbery body absorbs attacks. (AC +1, EV +1)
((You are camouflaged when in or above water. (Stealth+)))
You have tentacles for arms and can constrict up to eight enemies at once.


Message History

The ogre is severely wounded.
The ogre misses you.
You barely miss the ogre.
The ogre is severely wounded.
The adder closely misses you. The phantom misses you.
Something completely misses you.
You puncture the ogre!
You kill the ogre!
The adder bites you.
You miss the adder. You grab the adder. You tentacle-slap the adder.
Your squeeze misses the adder.
The adder is heavily wounded.
You constrict the adder. The orc closely misses you. The phantom misses you.
Something closely misses you.
You barely miss the adder. Your squeeze misses the adder.
The adder is heavily wounded.
You constrict the adder. The adder bites you.
You hit the adder.
You kill the adder!
The phantom hits you.
* * * LOW HITPOINT WARNING * * *
Something barely misses you. The orc closely misses you.
You closely miss the phantom. You miss the phantom. The orc misses you.
The phantom completely misses you. Something hits you.
* * * LOW HITPOINT WARNING * * *
The phantom hits you.
* * * LOW HITPOINT WARNING * * *
You hit the orc. You grab the orc.
The orc is severely wounded.
You constrict the orc, but do no damage.
You barely miss the orc.
The orc is severely wounded.
You constrict the orc.
You kill the orc!
The phantom barely misses you. The phantom completely misses you.
You hear some strange, mumbled words.
A puff of flame appears from out of thin air!
The puff of flame hits you!
You die...

.. .. .## .. .
######.####..
..#..........#.
.......{?......
#..w..W@)......
#.....)W†).....
#..............
#..............
#..............
##?...........#
#...........##
#.####.......


You could see 2 phantoms and a dart slug.

Vanquished Creatures
  Pikel (D:5)
  A black bear (D:5)
  2 ogres
  2 orc priests (D:5)
  2 hounds (D:4)
  A jelly (D:4)
  Terence (D:3)
  A gnoll (D:1)
  5 adders
  An ufetubus (D:5)
  A worm (D:4)
  2 dart slugs
  4 orcs
  6 bats
  10 endoplasms
  3 giant cockroaches
  9 goblins
  4 hobgoblins
  12 jackals
  4 quokkas
  5 ball pythons
  6 frilled lizards
  4 kobolds
  8 rats
95 creatures vanquished.

Vanquished Creatures (collateral kills)
  An adder (D:4)
  3 orcs (D:4)
4 creatures vanquished.

Grand Total: 99 creatures vanquished

Notes
Turn   | Place    | Note
-------+----------+-------------------------------------------
     0 | D:1      | swilekon the Octopode Monk began the quest for the Orb.
     0 | D:1      | Reached XP level 1. HP: 16/16 MP: 1/1
    59 | D:1      | Reached XP level 2. HP: 15/21 MP: 2/2
   166 | D:1      | Found a faded altar of an unknown god.
   484 | D:1      | Reached XP level 3. HP: 17/26 MP: 3/3
  1660 | D:2      | Found a snail-covered altar of Cheibriados.
  2160 | D:3      | Reached XP level 4. HP: 28/31 MP: 4/4
  2196 | D:3      | Reached skill level 4 in Short Blades
  2565 | D:3      | Noticed Terence
  2571 | D:3      | Killed Terence
  2718 | D:3      | Reached XP level 5. HP: 33/37 MP: 5/5
  3348 | D:4      | Reached skill level 5 in Short Blades
  3371 | D:4      | Reached XP level 6. HP: 43/43 MP: 6/6
  3624 | D:4      | Found Qeicaip's Tremendous Tomes.
  3676 | D:4      | Found a burning altar of Makhleb.
  3836 | D:5      | Entered Level 5 of the Dungeon
  3841 | D:5      | HP: 1/44 [cloud of flame (7)]
  3842 | D:5      | Noticed a black bear
  3845 | D:5      | Noticed Pikel
  3847 | D:5      | HP: 1/66 [black bear (4)]
  3852 | D:5      | Killed a black bear
  3853 | D:5      | Reached XP level 7. HP: 2/49 MP: 7/7
  3861 | D:5      | Killed Pikel
  3862 | D:5      | Reached skill level 5 in Fighting
  3862 | D:5      | Reached skill level 6 in Short Blades
  3862 | D:5      | Reached skill level 5 in Dodging
  3862 | D:5      | Reached XP level 8. HP: 37/55 MP: 8/8
  3864 | D:5      | Reached skill level 7 in Short Blades
  3886 | D:5      | Killed from afar by an orc wizard

Illustrated notes

Levels and vault maps discovered:
D:1:      heliophobic_arrival_ceremonial_halls, layout_loops_ring,
          basic_ecumenical_altar, minmay_vboxes
D:2:      minmay_alternating_diamond, layout_loops_corners, basic_altar
D:3:      layout_loops_ring, uniq_terence
D:4:      layout_loops_cross, lemuel_crystal_altar,
          nicolae_shop_i_like_big_books, kennysheep_pointless_box
D:5:      dreamdust_elfheim, layout_rooms, serial_shops, nicolae_lakefront_shop,
          enter_ossuary_2, minmay_checkerbox, uniq_pikel

Skill      XL: |  1  2  3  4  5  6  7  8 |
---------------+-------------------------+-----
Short Blades   | 4 5 6 7 |  7.3
Fighting       | 4 5 |  5.5
Dodging        | 4 5 |  5.5
Stealth        | |  2.6

Action                   |  1- 3 |  4- 6 |  7- 9 || total
-------------------------+-------+-------+-------++-------
Melee: Short sword       |    81 |    90 |    29 ||   200
       Constrict         |    21 |    20 |     2 ||    43
       Tentacles         |    16 |    12 |       ||    28
       Punch             |       |       |     1 ||     1
  Use: Scroll            |       |    11 |       ||    11
       Potion            |       |     4 |     2 ||     6
 Stab: Sleeping          |    12 |    16 |       ||    28
Armor: Skin              |    15 |    31 |    35 ||    81
Dodge: Dodged            |    50 |    47 |    20 ||   117
